 Dungeon Crawl Stone Soup version 0.31.0-32-g396128a36d (webtiles) character file.

Game seed: 13917694023907036311

10517 H0rd4k the Martial Artist (level 11, -3/72 HPs)
             Began as an Octopode Artificer on Mar 12, 2024.
             Was an Initiate of Gozag.
             Slain by an unseen horror (9 damage)
             ... on level 10 of the Dungeon.
             The game lasted 00:20:53 (11661 turns).

H0rd4k the Martial Artist (Octopode Artificer)     Turns: 11661, Time: 00:20:54

Health: -3/72      AC:  1    Str: 12    XL:     11   Next: 63%
Magic:  0/31       EV: 13    Int: 18    God:    Gozag
Gold:   1206       SH:  0    Dex: 12    Spells: 21/25 levels left

rFire   . .          .
                       - Unarmed
rCold   + . .        v - sphere of Battle
rNeg    . . .        (helmet restricted)
rPois   .            q - amulet of guardian spirit
rElec   +            l - ring of magical power
rCorr   .            u - ring "Polub" {Wiz ^Contam rElec rC+ Slay+5}
SInv    .            (no ring)
Will    .....        (no ring)
Stlth   +++          (no ring)
HPRegen 0.32/turn    (no ring)
MPRegen 0.22/turn    (no ring)
                     (no ring)

%: guardian spirit, wizardry (x1)
@: no status effects
A: almost no armour, amphibious, 8 rings, camouflage 1, gelatinous body 1,
(nimble swimmer 1), tentacles
a: Renounce Religion, Potion Petition, Call Merchant, Bribe Branch


You were on level 10 of the Dungeon.
You worshipped Gozag.
Gozag was most pleased with you.
You visited 1 branch of the dungeon, and saw 10 of its levels.
You also visited: Bailey.

You collected 1704 gold pieces.
You spent 413 gold pieces at shops.
You paid 85 gold pieces to Gozag.

Inventory:

Hand Weapons
 g - a +1 dagger of draining
 D - the +8 trident of Guduttefu {freeze, rF+ Str+3}
   (You found it on level 5 of the Dungeon)

   Str+3:     It affects your strength (+3).
   rF+:       It protects you from fire.
 J - a +3 short sword of freezing
 O - the +7 orcbow of the Hungering Priest {antimagic, Int+3}
   (You bought it in a shop on level 8 of the Dungeon)

   Int+3:     It affects your intelligence (+3).
Missiles
 r - 23 poisoned darts
 C - 4 darts of dispersal
Armour
 v - the sphere of Battle (worn)
   (You acquired it on level 1 of the Dungeon)

   Battle:    It summons a battlesphere in combat, with strength depending on
   Conjurations skill.
   Destructive: It enhances your destructive magic, and weakens non-destructive
   magic.
 R - an orb of wrath
Jewellery
 l - a ring of magical power (left tentacle)
 q - an amulet of guardian spirit (around mantle)
 u - the ring "Polub" (right tentacle) {Wiz ^Contam rElec rC+ Slay+5}
   (You found it on level 4 of the Dungeon)

   [ring of wizardry]

   Wiz:       It improves your spell success rate.
   Slay+5:    It affects your accuracy & damage with ranged weapons and melee
   (+5).
   rC+:       It protects you from cold.
   rElec:     It insulates you from electricity.
   ^Contam:   It causes magical contamination when unequipped.
 I - a ring of fire
 L - a ring of protection from cold
 N - a ring of protection from cold
 P - an amulet of reflection
 Q - an amulet of the acrobat
 S - a ring of ice
Talismans
 H - a serpent talisman
Wands
 b - a wand of acid (3)
 c - a wand of charming (23)
 F - a wand of polymorph (14)
Scrolls
 a - a scroll of teleportation
 d - 2 scrolls of immolation
 i - 2 scrolls of vulnerability
 j - 2 scrolls of enchant weapon {unknown}
 k - 2 scrolls of enchant armour
 m - a scroll of torment
 n - 2 scrolls of blinking
 w - a scroll of butterflies
 x - 3 scrolls of noise
 y - 3 scrolls of amnesia
 E - 4 scrolls of poison
 M - 2 scrolls of brand weapon
 T - 2 scrolls of fear {unknown}
Potions
 e - a potion of brilliance {unknown}
 f - 2 potions of haste {unknown}
 o - 2 potions of enlightenment {unknown}
 p - 5 potions of curing
 s - 3 potions of lignification {unknown}
 t - 5 potions of heal wounds {unknown}
 z - 2 potions of berserk rage {unknown}
 A - a potion of mutation {unknown}
 B - a potion of invisibility {unknown}
 G - a potion of ambrosia {unknown}
 K - 3 potions of resistance {unknown}


   Skills:
 - Level 5.3 Fighting
 + Level 1.9 Throwing
 - Level 2.3 Dodging
 - Level 1.3 Stealth
 - Level 11.2 Unarmed Combat
 * Level 7.5 Spellcasting
 * Level 6.2 Conjurations
 * Level 7.6 Air Magic
 - Level 3.2 Evocations


You had 21 spell levels left.
You knew the following spells:

 Your Spells              Type           Power      Damage    Failure   Level
a - Swiftness             Air            17%        N/A       1%          3
b - Shock                 Conj/Air       100%       1d9       1%          1

Your spell library contained the following spells:

 Spells                   Type           Power      Damage    Failure   Level
 Airstrike                Air            25%        2d(4-20)  1%          4
 Necrotise                Necr           12%        1d4       4%          1
 Lesser Beckoning         Tloc           6%         N/A       6%          2
 Gell's Gravitas          Tloc           3%         N/A       12%         3
 Teleport Other           Tloc           3%         N/A       12%         3
 Vampiric Draining        Necr           3%         2d6       12%         3
 Martyr's Knell           Necr/Summ      3%         N/A       38%         4
 Curse of Agony           Necr           3%         N/A       71%         5


Dungeon Overview and Level Annotations

Branches:
Dungeon (10/15)            Temple (0/1) D:6          Bailey (visited)
   Lair: D:8-11         Orc: D:9-12

Altars:
Cheibriados
Elyvilon
Gozag
Hepliaklqana
Makhleb
Okawaru
Trog
Uskayaw
Vehumet
Wu Jian
Xom
Yredelemnul
Zin
The Shining One

Shops:
D:2 [   D:3 ?   D:8 (

Annotations:
D:3 2 transporters, exclusion: downstairs, DildoBatman's ghost, amateur FoCj
D:4 1 runed translucent door, nitefall's ghost, amateur GrEE
D:5 exclusions: downstairs and upstairs
D:7 exclusion: two-headed ogre
D:8 exclusion: 2 downstairs
D:10 exclusion: vampire


Innate Abilities, Weirdness & Mutations

You cannot wear most types of armour.
You are amphibious.
You can wear up to eight rings at the same time.
Your skin changes colour to match your surroundings (Stealth+).
Your rubbery body absorbs attacks. (AC +1, EV +1)
((You are camouflaged when in or above water. (Stealth+)))
You have tentacles for arms and can constrict up to eight enemies at once.


Message History

Your battlesphere wavers and loses cohesion.
There is an open door here.
Found a stone staircase leading up.
You now have 1206 gold pieces (gained 20).
There is an open door here.
Found a stone staircase leading down.
There is a stone staircase leading down here.
There is a stone staircase leading down here.
Something hits you.
Deactivating autopickup; reactivate with Ctrl-A.
Something hits you.
There is a strange disturbance nearby!
There is a strange disturbance nearby!
You can't see any susceptible monsters within range! (Use Z to cast anyway.)
You bludgeon something!
Your tentacle-slap misses something.
You squeeze something! Something hits you. Something hits you!
Something hits you. Something hits you!
You tentacle-slap something but do no damage.
Your squeeze misses something. Something hits you.
There is an open door here.
You bludgeon something! You squeeze something. Something hits you!
You barely miss something. Something hits you. Something hits you!
Something hits you.
You miss something. Something barely misses you. Something hits you!
Something hits you! Something hits you.
As you read the scroll of fog, it dissolves into smoke.
Something hits you!
* * * LOW HITPOINT WARNING * * *
You tentacle-slap something but do no damage.
Something hits you but does no damage. Something hits you!
* * * LOW HITPOINT WARNING * * *
Unknown command.
You closely miss something. Your squeeze misses something. Something hits you!
* * * LOW HITPOINT WARNING * * *
Something hits you!
You die...
Your body crumbles into a pile of gold.

#....##..........# #..........#
####.........##.#####..........#
####.....................####.###
....>........###.###.....#.......
####.##......# #.# #.#####.#._.#.
####.##......###'###.# ##.......
.....###.###.###§§...####........
########.###.###§###.##......8...
.............# #@# #.##....8...8.
.#.......##..###{###.##..........
.#.......##....§§§...#....8.....8
.####'#####..........#...........
.####.# ###.......##.....8...8.
###<#.# #......).........8...
##'#.# #........####........
#....# #........#######.....
#....# #.......).##.........


There were no monsters in sight!

Vanquished Creatures
  2 vault guards (Bailey)
  A two-headed ogre (D:9)
  Maurice (D:10)
  A hornet (D:6)
  Prince Ribbit (D:7)
  A blink frog (Bailey)
  A shadow (D:8)
  2 wyverns
  10 humans (Bailey)
  8 yaks (D:9)
  2 vampires (D:10)
  3 water moccasins
  An ice beast (D:7)
  A black bear (D:5)
  3 orc warriors
  2 sky beasts (D:7)
  2 ogres
  2 centaurs
  2 phantoms (D:5)
  A kobold brigand (D:10)
  10 bullfrogs
  A scorpion (D:6)
  12 wights
  9 killer bees
  A bombardier beetle (D:4)
  2 quasits (D:5)
  A jelly (D:6)
  7 orc priests
  2 gnoll boudas
  Ijyb (D:5)
  3 iguanas
  8 orc wizards
  12 gnolls
  7 adders
  3 shadow imps (D:5)
  4 white imps (D:5)
  5 ufetubi
  A dart slug (D:2)
  2 ribbon worms
  28 orcs
  2 endoplasms (D:3)
  4 giant cockroaches
  9 goblins
  13 hobgoblins
  6 jackals (D:4)
  3 quokkas
  5 ball pythons
  4 bats
  4 frilled lizards
  10 kobolds
  5 rats
231 creatures vanquished.

Vanquished Creatures (collateral kills)
  A yak (D:9)
  A dart slug (D:3)
  An endoplasm (D:3)
3 creatures vanquished.

Vanquished Creatures (others)
  A troll (D:10)
  2 yaks (D:9)
  An orc wizard (D:5)
4 creatures vanquished.

Grand Total: 238 creatures vanquished

Notes
Turn   | Place    | Note
-------+----------+-------------------------------------------
     0 | D:1      | H0rd4k the Octopode Artificer began the quest for the Orb.
     0 | D:1      | Reached XP level 1. HP: 13/13 MP: 1/1
   128 | D:1      | Reached skill level 1 in Unarmed Combat
   129 | D:1      | Reached XP level 2. HP: 18/18 MP: 2/2
   846 | D:2      | Found a faded altar of an unknown god.
   868 | D:2      | Reached skill level 2 in Unarmed Combat
   868 | D:2      | Reached XP level 3. HP: 8/24 MP: 3/3
  1072 | D:2      | Found Siquorgh's Armour Shoppe.
  1566 | D:3      | Reached XP level 4. HP: 29/29 MP: 4/4
  1592 | D:3      | Reached skill level 3 in Unarmed Combat
  1600 | D:3      | Noticed a water moccasin
  1963 | D:3      | Found a transporter.
  1986 | D:3      | Noticed DildoBatman's ghost (amateur FoCj)
  1998 | D:3      | Noticed an ogre
  2000 | D:3      | Found a transporter.
  2002 | D:3      | Noticed an ogre
  2102 | D:3      | Killed a water moccasin
  2103 | D:3      | Reached skill level 4 in Unarmed Combat
  2103 | D:3      | Reached XP level 5. HP: 11/35 MP: 5/5
  2251 | D:3      | Found a glowing silver altar of Zin.
  2253 | D:3      | Found a basalt altar of Yredelemnul.
  2254 | D:3      | Found a snail-covered altar of Cheibriados.
  2567 | D:3      | Found Mebuuptequi's Magic Scroll Shoppe.
  2667 | D:4      | Reached XP level 6. HP: 35/41 MP: 6/6
  2706 | D:4      | You fall into a shaft and drop 1 floor!
  2706 | D:5      | Entered Level 5 of the Dungeon
  2781 | D:4      | Identified the ring "Polub" {Wiz ^Contam rElec rC+ Slay+5}
  2911 | D:4      | Reached skill level 5 in Unarmed Combat
  3037 | D:4      | Found a radiant altar of Vehumet.
  3076 | D:4      | Found a runed translucent door.
  3077 | D:4      | Noticed nitefall's ghost (amateur GrEE)
  3249 | D:4      | Found an opulent altar of Gozag.
  3427 | D:5      | Reached XP level 7. HP: 46/46 MP: 7/7
  3453 | D:5      | Reached skill level 6 in Unarmed Combat
  3477 | D:4      | Became a worshipper of Gozag Ym Sagoz the Greedy
  3605 | D:5      | Identified the +8 trident of Guduttefu {freeze, rF+ Str+3}
  3619 | D:5      | Reached skill level 7 in Unarmed Combat
  3672 | D:5      | Reached XP level 8. HP: 45/54 MP: 8/8
  3900 | D:5      | Reached skill level 8 in Unarmed Combat
  4015 | D:5      | Noticed Ijyb
  4021 | D:5      | Killed Ijyb
  4202 | D:5      | Found an iron altar of Okawaru.
  4243 | D:6      | Noticed a hornet
  4463 | D:6      | Found a staircase to the Ecumenical Temple.
  4571 | D:6      | Killed a hornet
  4572 | D:6      | Reached skill level 9 in Unarmed Combat
  4885 | D:7      | Noticed Prince Ribbit
  4905 | D:7      | Reached skill level 10 in Unarmed Combat
  4905 | D:7      | Reached XP level 9. HP: 56/60 MP: 9/9
  4932 | D:7      | Reached skill level 5 in Fighting
  5016 | D:7      | Found a burning altar of Makhleb.
  5018 | D:7      | Found a glowing golden altar of the Shining One.
  5020 | D:7      | Found a shimmering altar of Xom.
  5274 | D:7      | Found a bloodstained altar of Trog.
  5331 | D:7      | Killed Prince Ribbit
  5375 | D:7      | Noticed a two-headed ogre
  5712 | D:7      | Reached skill level 11 in Unarmed Combat
  6171 | D:7      | Learned a level 3 spell: Swiftness
  6388 | D:8      | Reached skill level 1 in Air Magic
  6390 | D:8      | Reached skill level 1 in Spellcasting
  6625 | D:8      | Found an ornate altar of the Wu Jian Council.
  6730 | D:8      | Reached skill level 1 in Throwing
  6999 | D:8      | Found Woulomac's Antique Weapon Shop.
  7342 | D:8      | Bought a polished orcbow for 221 gold pieces
  7342 | D:8      | Identified the +7 orcbow of the Hungering Priest
                  | {antimagic, Int+3} (You bought it in a shop on level 8 of
                  | the Dungeon)
  7557 | D:3      | Bought a scroll of teleportation for 33 gold pieces
  7557 | D:3      | Bought a scroll of teleportation for 33 gold pieces
  7557 | D:3      | Bought a scroll of identify for 22 gold pieces
  7557 | D:3      | Bought a scroll of brand weapon for 104 gold pieces
  7631 | D:1      | Identified a scroll of acquirement
  7633 | D:1      | Acquired the sphere of Battle
  7633 | D:1      | Found the sphere of Battle
  7646 | D:1      | Learned a level 1 spell: Shock
  7935 | D:9      | Noticed a two-headed ogre
  8078 | D:9      | Found a white marble altar of Elyvilon.
  8094 | D:9      | Reached XP level 10. HP: 45/66 MP: 14/14
  8194 | D:9      | Reached skill level 1 in Conjurations
  9069 | D:9      | Reached skill level 5 in Air Magic
  9073 | D:9      | Killed a two-headed ogre
  9074 | D:9      | Reached skill level 5 in Spellcasting
  9514 | D:10     | Entered Level 10 of the Dungeon
  9662 | D:10     | Found a flagged portal.
  9677 | Bailey   | Entered a bailey
  9826 | Bailey   | Reached XP level 11. HP: 69/72 MP: 19/19
  9881 | Bailey   | Reached skill level 5 in Conjurations
 10116 | Bailey   | Noticed a vault guard
 10129 | Bailey   | Killed a vault guard
 10345 | Bailey   | Noticed a vault guard
 10422 | Bailey   | Killed a vault guard
 10672 | D:10     | Found a hazy altar of Hepliaklqana.
 10688 | D:10     | Noticed Maurice
 10697 | D:10     | Killed Maurice
 10771 | D:10     | Found a hide-covered altar of Uskayaw.
 11661 | D:10     | Slain by an unseen horror

Illustrated notes

Levels and vault maps discovered:
D:1:      lightli_arrival_windingriver, layout_basic, supply_closet_lemuel
D:2:      layout_rooms, nicolae_ecumenical_pavilion, serial_shops, shop
D:3:      layout_loops_ring, grunt_temple_overflow_open, gammafunk_ghost_smash,
          serial_shops, nicolae_shop_rolled_up, grunt_ministairs_7
D:4:      layout_rooms, kennysheep_mini_moat, nicolae_overflow_hidden_temple,
          serial_glass, glass_columns_a, glass_columns_c, glass_columns_a,
          glass_columns_a, ebering_ghost_sewer_d
D:5:      layout_loops_cross, kennysheep_mini, serial_demonic, serial_demonic_c,
          serial_demonic_f, serial_demonic_a, serial_demonic_b,
          serial_demonic_f, serial_demonic_b, serial_demonic_g, uniq_ijyb
D:6:      layout_loops_ring, minmay_temple_entry_gardened_gates
D:7:      layout_cave_pods, nicolae_overflow_quartered_altars,
          nicolae_kite_square_tiling_tiny, uniq_prince_ribbit1
D:8:      layout_loops_corners, mainiacjoe_overflow_alcove_4, serial_shops,
          nicolae_shop_tiny_real_fake_doors
D:9:      layout_loops_ring, overflow_temple_1_default
D:10:     layout_basic, lemuel_doored_altar, nicolae_uskayaw_dance_hall,
          enter_bailey_3, interstate_on_off, uniq_maurice

Skill      XL: |  1  2  3  4  5  6  7  8  9 10 11 |
---------------+----------------------------------+-----
Unarmed Combat | 1 2 4 5 7 10 11 | 11.2
Fighting       | 2 3 4 5 |  5.3
Air Magic      | 3 6 7 |  7.6
Spellcasting   | 3 5 7 |  7.5
Throwing       | 1 |  1.9
Conjurations   | 4 6 |  6.2
Dodging        | |  2.3
Stealth        | |  1.3
Evocations     | |  3.2

Action                     |  1- 3 |  4- 6 |  7- 9 | 10-12 || total
---------------------------+-------+-------+-------+-------++-------
  Melee: Unarmed           |    85 |    90 |   172 |    74 ||   421
         Tentacles         |    29 |    14 |    48 |    16 ||   107
         Constrict         |    28 |    24 |    35 |    10 ||    97
         Punch             |     1 |     5 |    12 |     5 ||    23
  Throw: Dart              |       |       |     4 |       ||     4
   Cast: Shock             |       |       |    11 |   204 ||   215
  Evoke: Wand              |     2 |     7 |    20 |     5 ||    34
    Use: Potion            |       |     1 |       |     2 ||     3
         Scroll            |       |       |     4 |    14 ||    18
   Stab: Sleeping          |     7 |     6 |     4 |       ||    17
         Distracted        |       |       |     1 |     1 ||     2
 Armour: Skin              |    30 |    37 |    91 |    90 ||   248
  Dodge: Dodged            |    52 |    33 |    75 |    37 ||   197
